 Dungeon Crawl Stone Soup version 0.24-a0-462-ge24419a6ad (webtiles) character file.

Game seed: 2191262417557033119

1241 Elric the Changer (level 8, -3/80 HPs)
             Began as an Ogre Transmuter on July 2, 2019.
             Was a Believer of Yredelemnul.
             Killed from afar by Pikel (8 damage)
             ... with a burst of metal fragments
             ... on level 6 of the Dungeon.
             The game lasted 00:19:28 (7073 turns).

Elric the Changer (Ogre Transmuter)                 Turns: 7073, Time: 00:19:28

Health: -3/80      AC:  3    Str: 15    XL:     8   Next: 49%
Magic:  14/15      EV: 10    Int: 16    God:    Yredelemnul [**....]
Gold:   377        SH:  0    Dex:  9    Spells: 11/17 levels left

rFire    . . .     SeeInvis .     - Unarmed
rCold    . . .     Gourm    .   (no shield)
rNeg     . . .     Faith    .   b - +0 robe
rPois    .         Spirit   .   (helmet restricted)
rElec    .         Reflect  .   (no cloak)
rCorr    .         Harm     .   (gloves unavailable)
MR       .....                  (boots unavailable)
Stlth    +.........             (no amulet)
HPRegen  0.23/turn              (no ring)
MPRegen  0.14/turn              (no ring)

@: no status effects
A: large, unfitting armour, tough skin 1
a: Animate Remains, Recall Undead Slaves, Injury Mirror, Renounce Religion


You were on level 6 of the Dungeon.
You worshipped Yredelemnul.
Yredelemnul was pleased with you.
You were not hungry.

You visited 1 branch of the dungeon, and saw 6 of its levels.

You collected 377 gold pieces.

Inventory:

Missiles
 a - 154 arrows
 f - 3 javelins (quivered)
Armour
 b - a +0 robe (worn)
 w - a +0 cloak
Jewellery
 i - an uncursed amulet of rage {unknown}
 A - a +3 ring of intelligence
Wands
 y - a wand of acid (5)
 B - a wand of polymorph (3)
Scrolls
 c - a scroll of amnesia {unknown}
 e - 9 scrolls of identify {unknown}
 g - 3 scrolls of teleportation {unknown}
 h - a scroll of enchant weapon {unknown}
 j - 2 scrolls of enchant armour {unknown}
 k - 4 scrolls of remove curse {unknown}
 o - 3 scrolls of fog {unknown}
 r - 3 scrolls of immolation {unknown}
 s - 3 scrolls of fear {unknown}
 v - a scroll of blinking {unknown}
 x - 2 scrolls of magic mapping {unknown}
Potions
 l - a potion of resistance {unknown}
 m - a potion of brilliance {unknown}
 n - a potion of curing
 p - 4 potions of might {unknown}
 q - a potion of degeneration {unknown}
 t - 2 potions of ambrosia {unknown}
 u - a potion of mutation {unknown}
 z - a potion of cancellation {unknown}
 D - a potion of lignification {unknown}
Comestibles
 d - 9 rations


   Skills:
 - Level 5.0 Fighting
 - Level 3.1 Dodging
 - Level 5.0 Unarmed Combat
 - Level 5.0 Spellcasting
 + Level 5.7 Transmutations
 - Level 1.0 Poison Magic
 + Level 0.0 Invocations


You had 11 spell levels left.
You knew the following spells:

 Your Spells              Type           Power        Failure   Level  Hunger
a - Beastly Appendage     Tmut           ###...       1%          1    None
b - Sticks to Snakes      Tmut           ###.....     2%          2    #......
c - Spider Form           Tmut/Pois      ##........   12%         3    ###....

Your spell library contained the following spells:

 Spells                   Type           Power        Failure   Level  Hunger
 Freeze                   Ice            #...         16%         1    None
 Throw Frost              Conj/Ice       #.....       22%         2    #......
 Blade Hands              Tmut           ###.......   38%         5    ######.
 Ozocubu's Armour         Chrm/Ice       #.......     41%         3    ###....
 Ice Form                 Ice/Tmut       ##......     43%         4    ####...
 Summon Ice Beast         Ice/Summ       #.......     83%         4    ####...
 Throw Icicle             Conj/Ice       #.......     83%         4    ####...


Dungeon Overview and Level Annotations

Branches:
Dungeon (6/15)
 Temple: D:4-7

Altars:
Ashenzari
Cheibriados
Elyvilon
Gozag
Okawaru
Trog
Uskayaw
Xom
Yredelemnul
The Shining One

Shops:
D:6 *!

Annotations:
D:4 3 runed translucent doors, Lexodia's ghost, amateur DsFi; Yosebu's ghost, amateur GrFi
D:6 Pikel


Innate Abilities, Weirdness & Mutations

You are too large for most types of armour.
You have tough skin. (AC +1)


Message History

* * * LOW HITPOINT WARNING * * *
Your transformation is almost over.
Pikel zaps a wand.
The burst of metal fragments misses you. x5
The burst of metal fragments hits you!
* * * LOW HITPOINT WARNING * * *
The burst of metal fragments misses you. x3
Things that are here:
a +0 dagger; a +0 club Pikel zaps a wand.
The burst of metal fragments misses you.
The burst of metal fragments hits you.
* * * LOW HITPOINT WARNING * * *
The burst of metal fragments misses you. x6
Your transformation has ended.
Your +0 robe unmelds from your body.
Pikel zaps a wand.
The burst of metal fragments misses you.
The burst of metal fragments hits you!
You die...
Your body rises from the dead as a mindless zombie.

####..#)# ####.## #.p#
##K## #...## ##.<......#
#....## #.........#
#.....## ..........#
###....## ..........#
##@....## ..........#
###..[....#
..........###...####...#
.........##...### ##..
.........#..### ..
...........##
.........### .......###
.......#


You could see Pikel and a slave.

Vanquished Creatures
  2 slaves (D:6)
  A phantom (D:4)
  3 ogres
  3 centaurs
  2 hounds
  An orc priest (D:3)
  6 orc wizards
  A bullfrog skeleton (D:5)
  A worker ant (D:4)
  A worker ant zombie (D:5)
  5 adders
  A shadow imp (D:5)
  3 oozes
  2 adder skeletons
  An adder zombie (D:5)
  2 worms
  3 dart slugs
  5 leopard geckos
  31 orcs
  2 bats
  6 giant cockroaches
  9 goblins
  5 hobgoblins
  2 jackals (D:4)
  A quokka (D:4)
  4 ball pythons
  3 frilled lizards
  A jackal skeleton (D:5)
  6 kobolds
  9 rats
122 creatures vanquished.

Vanquished Creatures (collateral kills)
  Sigmund (D:2)
  A slave (D:6)
  An adder (D:3)
  An adder zombie (D:6)
4 creatures vanquished.

Vanquished Creatures (others)
  An ogre zombie (D:6)
  2 orc zombies (D:6)
  2 withered plants (D:4)
5 creatures vanquished.

Grand Total: 131 creatures vanquished

Notes
Turn   | Place    | Note
-------+----------+-------------------------------------------
     0 | D:1      | Elric the Ogre Transmuter began the quest for the Orb.
     0 | D:1      | Reached XP level 1. HP: 19/19 MP: 3/3
   231 | D:1      | Reached XP level 2. HP: 27/28 MP: 3/5
   619 | D:1      | Learned a level 2 spell: Sticks to Snakes
  1240 | D:2      | Found a snail-covered altar of Cheibriados.
  1333 | D:2      | Reached XP level 3. HP: 34/36 MP: 2/6
  1392 | D:2      | Found an opulent altar of Gozag.
  1557 | D:2      | Reached XP level 4. HP: 30/45 MP: 5/7
  1756 | D:2      | Found a basalt altar of Yredelemnul.
  1768 | D:2      | Found a hide-covered altar of Uskayaw.
  1774 | D:2      | Became a worshipper of Yredelemnul the Dark
  1804 | D:2      | Found an iron altar of Okawaru.
  1954 | D:2      | Noticed Sigmund
  1971 | D:2      | Killed Sigmund
  1971 | D:2      | Reached XP level 5. HP: 36/54 MP: 2/8
  2597 | D:3      | Learned a level 3 spell: Spider Form
  2855 | D:3      | Reached XP level 6. HP: 62/62 MP: 6/9
  3660 | D:3      | Reached skill level 1 in Poison Magic
  4152 | D:4      | Reached * piety under Yredelemnul
  4292 | D:4      | Found a runed translucent gate.
  4292 | D:4      | Found a runed translucent gate.
  4293 | D:4      | Found a runed translucent gate.
  4294 | D:4      | Noticed Yosebu's ghost (amateur GrFi)
  4294 | D:4      | Noticed Lexodia's ghost (amateur DsFi)
  4465 | D:4      | Reached skill level 5 in Fighting
  4465 | D:4      | Reached XP level 7. HP: 47/72 MP: 5/10
  4829 | D:4      | Found a glowing golden altar of the Shining One.
  4951 | D:4      | Found a white marble altar of Elyvilon.
  5458 | D:5      | Entered Level 5 of the Dungeon
  5497 | D:5      | Found a shimmering altar of Xom.
  5822 | D:5      | Reached skill level 5 in Unarmed Combat
  5833 | D:5      | Reached XP level 8. HP: 42/80 MP: 9/13
  6180 | D:5      | Found a bloodstained altar of Trog.
  6180 | D:5      | Found a shattered altar of Ashenzari.
  6205 | D:5      | Reached skill level 5 in Transmutations
  6771 | D:6      | Reached skill level 5 in Spellcasting
  6961 | D:6      | Found Qaovu Huad's General Store.
  6983 | D:6      | Reached ** piety under Yredelemnul
  7014 | D:6      | Found Xyemor's Distillery.
  7015 | D:6      | Noticed Pikel
  7070 | D:6      | HP: 4/80 [Pikel/burst of metal fragments (2)]
  7073 | D:6      | Killed from afar by Pikel

Levels and vault maps discovered:
D:1:      roderic_dead_forest, layout_basic
D:2:      layout_basic, grunt_gozag_breadcrumbs, okawaru_trees_1,
          grunt_temple_overflow_open, kennysheep_slug_shrine, uniq_sigmund
D:3:      layout_loops_ring
D:4:      layout_basic, old_standard_altar, lemuel_round_altar, first_ration,
          gammafunk_ghost_cemetery, minmay_misc_feat_x
D:5:      layout_loops_corners, nicolae_overflow_hidden_temple,
          grunt_decor_one_mirror
D:6:      layout_cave_pods, serial_shops, nicolae_shop_behind_doors,
          nicolae_shop_waterfront, kennysheep_mini, nicolae_shop_crystal,
          uniq_pikel

Skill      XL: |  1  2  3  4  5  6  7  8 |
---------------+-------------------------+-----
Fighting       | 2 3 4 5 |  5.0
Unarmed Combat | 3 4 5 |  5.0
Transmutations | 2 3 4 5 |  5.7
Dodging        | 2 3 |  3.1
Poison Magic   | 1 |  1.0
Spellcasting   | 3 5 |  5.0

Action                   |  1- 3 |  4- 6 |  7- 9 || total
-------------------------+-------+-------+-------++-------
Melee: Unarmed           |    84 |   207 |   202 ||   493
       Kick              |     9 |    13 |    11 ||    33
       Headbutt          |     5 |     9 |     1 ||    15
       Punch             |     2 |       |     4 ||     6
Throw: Javelin           |       |       |     6 ||     6
 Cast: Beastly Appendage |    19 |    29 |    14 ||    62
       Sticks to Snakes  |     2 |     4 |     2 ||     8
       Spider Form       |       |    10 |    12 ||    22
Invok: Animate Remains   |       |       |     3 ||     3
  Use: Potion            |       |       |     2 ||     2
  Eat: Chunk             |     3 |     4 |     3 ||    10
       Ration            |       |     2 |     3 ||     5
Armor: Robe              |    16 |    31 |    13 ||    60
       Skin              |       |     3 |       ||     3
Dodge: Dodged            |    35 |   117 |   151 ||   303

Table legend:
 A = Non-vault XP
 B = Vault XP
 C = Vault XP percentage of total XP
 D = Non-vault monster count
 E = Vault monster count
 F = Vault count percentage of total count
                 A         B        C        D         E       F
            +---------+---------+-------+---------+---------+-------
      Total |    1582 |     191 |  10.8 |     121 |       2 |   1.6
            +---------+---------+-------+---------+---------+-------
        D:1 |      22 |       0 |   0.0 |      14 |       0 |   0.0
        D:2 |      70 |     191 |  73.2 |      22 |       2 |   8.3
        D:3 |     192 |       0 |   0.0 |      29 |       0 |   0.0
        D:4 |     326 |       0 |   0.0 |      22 |       0 |   0.0
        D:5 |     674 |       0 |   0.0 |      21 |       0 |   0.0
        D:6 |     298 |       0 |   0.0 |      13 |       0 |   0.0
            +---------+---------+-------+---------+---------+-------
